 Dungeon Sprint DCSS version 0.25-a0-1036-g6f112fb28d (webtiles) character file.

Game seed: 15078366020294380489, levelgen mode: deterministic

12400000 Conn the Gargoyle Barricade (level 27, -31/199 HPs)
             Began as a Gargoyle Fighter on May 13, 2020.
             Was the Champion of Makhleb.
             Killed from afar by an observer (38 damage)
             ... with a fireball
             ... in the Dungeon (Sprint VIII: "Arena of Blood").
             The game lasted 00:15:21 (124 turns).

Conn the Gargoyle Barricade (Gargoyle Fighter)       Turns: 124, Time: 00:15:23

Health: -31/199    AC: 34    Str: 25    XL:     27
Magic:  41/54      EV: 29    Int: 11    God:    Makhleb [******]
Gold:   0          SH:  0    Dex: 15    Spells: 80/80 levels left

rFire    . . .     SeeInvis .   l - +∞ Axe of Woe
rCold    . . .     Gourm    .   (shield currently unavailable)
rNeg     + . .     Faith    .   b - +0 scale mail
rPois    ∞         Spirit   .   (no helmet)
rElec    +         Reflect  .   (no cloak)
rCorr    .         Harm     .   (no gloves)
MR       ++...     NoTele   +   (no boots)
Stlth    ++++++++..             (no amulet)
HPRegen  0.43/turn              d - +200 ring of slaying
MPRegen  0.34/turn              q - +250 ring of slaying

@: very slightly contaminated, slowed, very slow
A: big wings, negative energy resistance 1, electricity resistance, unbreathing,
petrification resistance, rot immunity, AC +20
a: Fly, Minor Destruction, Lesser Servant of Makhleb, Major Destruction, Greater
Servant of Makhleb, Renounce Religion


You were in the Dungeon.
You worshipped Makhleb.
Makhleb was exalted by your worship.
You were not hungry.

You visited 1 branch

Inventory:

Hand Weapons
 a - a +0 flail
 l - the +∞ Axe of Woe (weapon)
   (You found it in the Dungeon)
Armour
 b - a +0 scale mail (worn)
 c - a +0 kite shield
Jewellery
 d - a +200 ring of slaying (left hand)
 h - a +30 ring of slaying
 m - a +30 ring of slaying
 n - a +30 ring of slaying
 o - a +30 ring of slaying
 p - a +200 ring of slaying
 q - a +250 ring of slaying (right hand)
Potions
 e - a potion of curing
 g - a potion of heal wounds
 i - 2 potions of magic
 j - a potion of berserk rage
Comestibles
 f - a ration


   Skills:
 O Level 27 Fighting
 O Level 27 Axes
 O Level 27 Maces & Flails
 O Level 27 Throwing
 O Level 27 Armour
 O Level 27 Dodging
 O Level 27 Stealth
 O Level 27 Shields
 O Level 27 Unarmed Combat
 O Level 27 Spellcasting
 O Level 27 Invocations


You had 80 spell levels left.
You didn't know any spells.
Your spell library was empty.

Dungeon Overview and Level Annotations

Branches:
Dungeon (1/1)

Altars:
Makhleb

Annotations:
D The Servant


Innate Abilities, Weirdness & Mutations

You are resistant to torment.
Your stone body is resilient. (AC +20)
You are immune to poison.
Your large and strong wings let you fly indefinitely.
You resist negative energy. (rN+)
You are resistant to electric shocks. (rElec)
You can survive without breathing.
You are immune to petrification.
You are immune to rotting.


Message History

A fleshlord comes into view. It is wielding a +9 great mace.
You feel something staring at you. Something smites you!
* * * LOW HITPOINT WARNING * * *
The meat berserker rages.
An accursed comes into view.
You hear a shout! x2
An accursed comes into view.
You hear a shout! x3
A meat beast comes into view.
The bag of meat is engulfed in blazing flames.
You hear a shout!
The Servant is engulfed in blazing flames.
The meat berserker is engulfed in blazing flames.
You hear a shout!
The meat berserker rages.
You hear a shout!
You feel something staring at you.
A fireball appears from out of thin air!
The fireball explodes!
The fireball engulfs you!!!
You die... ........... ........... . ......... .2 #.......# .Mo o. #.......# .O.. ..§###......%###p..LO .....S.)###.......... #.....%))_%.§@....... ..X..o#))).p#.......# .M.oo

#_%<._#........
..XoOO#§☼§§.#......#.
#MXWo.§@☼☼§M.........
..M.X.Xo###.......O.#
..z###oo2 ..###.....
.. #.oo .M# ..o..
#oo.. ..#


You could see 2 accurseds, a meat beast (wandering, fast), a tyrant (wandering),
The Servant, 2 fleshlords, a large abomination, 3 meat berserkers and 4 bags of
meat.

Vanquished Creatures
  Sigmund (D)
  8 hell beasts (D)
  3 greater mummies (D)
  3 great orbs of eyes (D)
  6 wraiths (D)
  23 vampire knights (D)
  31 ogres (D)
  7 two-headed ogres (D)
  A lich (D)
  36 orcs (D)
  4 phantoms (D)
  6 skeletal warriors (D)
  2 sea snakes (D)
  5 large abominations (D)
  9 small abominations (D)
  10 crawling corpses (D)
155 creatures vanquished.

Vanquished Creatures (collateral kills)
  An ogre (D)
  A hydra (D)
  An orc (D)
3 creatures vanquished.

Vanquished Creatures (others)
  A crawling corpse (D)
1 creature vanquished.

Grand Total: 159 creatures vanquished

Notes
Turn   | Place    | Note
-------+----------+-------------------------------------------
     0 | D        | Found the +∞ Axe of Woe
     0 | D        | Conn the Gargoyle Fighter began the quest for the Orb.
     0 | D        | Reached XP level 1. HP: 14/14 MP: 1/1
     1 | D        | Noticed a bag of meat
     3 | D        | Noticed a bag of meat
     4 | D        | Noticed a bag of meat
     9 | D        | Noticed a meat berserker
     9 | D        | Noticed a bag of meat
    10 | D        | Became a worshipper of Makhleb the Destroyer
    11 | D        | Killed a meat berserker
    11 | D        | Reached XP level 2. HP: 40/40 MP: 2/2
    11 | D        | Reached XP level 3. HP: 45/45 MP: 3/3
    11 | D        | Reached XP level 4. HP: 51/51 MP: 4/4
    11 | D        | Reached XP level 5. HP: 56/56 MP: 5/5
    11 | D        | Reached XP level 6. HP: 62/62 MP: 6/6
    11 | D        | Reached XP level 7. HP: 67/67 MP: 7/7
    11 | D        | Reached XP level 8. HP: 73/73 MP: 8/8
    11 | D        | Reached XP level 9. HP: 78/78 MP: 9/9
    11 | D        | Reached XP level 10. HP: 84/84 MP: 10/10
    11 | D        | Reached XP level 11. HP: 89/89 MP: 11/11
    11 | D        | Reached XP level 12. HP: 95/95 MP: 12/12
    11 | D        | Reached XP level 13. HP: 100/100 MP: 13/13
    11 | D        | Killed a bag of meat
    11 | D        | Reached * piety under Makhleb
    11 | D        | Reached skill level 5 in Axes
    11 | D        | Reached skill level 10 in Maces & Flails
    11 | D        | Gained mutation: Your large and strong wings let you fly
                  | indefinitely. [Gargoyle growth]
    11 | D        | Reached XP level 14. HP: 110/110 MP: 14/14
    12 | D        | Killed a bag of meat
    13 | D        | Killed a bag of meat
    13 | D        | Reached XP level 15. HP: 120/120 MP: 15/15
    19 | D        | Noticed a destroyer
    21 | D        | Noticed a destroyer
    22 | D        | Killed a destroyer
    22 | D        | Reached ** piety under Makhleb
    22 | D        | Reached XP level 16. HP: 131/131 MP: 16/16
    23 | D        | Noticed a large bag of meat
    23 | D        | Noticed a meat berserker
    24 | D        | Noticed a destroyer
    24 | D        | Noticed a destroyer
    27 | D        | Noticed a large bag of meat
    27 | D        | Noticed a meat berserker
    28 | D        | Killed a destroyer
    28 | D        | Reached skill level 27 in Fighting
    28 | D        | Reached skill level 27 in Armour
    28 | D        | Reached skill level 27 in Shields
    28 | D        | Reached XP level 17. HP: 139/139 MP: 17/17
    30 | D        | Noticed a sculptor of flesh
    30 | D        | Killed a meat berserker
    30 | D        | Noticed a destroyer
    31 | D        | Killed a large bag of meat
    31 | D        | Reached *** piety under Makhleb
    31 | D        | Reached XP level 18. HP: 145/145 MP: 18/18
    31 | D        | Killed a destroyer
    31 | D        | Reached skill level 27 in Axes
    31 | D        | Reached XP level 19. HP: 151/151 MP: 19/19
    31 | D        | Noticed a destroyer
    32 | D        | Noticed a sculptor of flesh
    32 | D        | Noticed a meat berserker
    33 | D        | Noticed a sculptor of flesh
    33 | D        | Killed a destroyer
    33 | D        | Reached skill level 27 in Maces & Flails
    33 | D        | Killed a meat berserker
    33 | D        | Reached skill level 10 in Dodging
    33 | D        | Reached XP level 20. HP: 157/157 MP: 19/35
    35 | D        | Noticed a meat berserker
    37 | D        | Killed a destroyer
    37 | D        | Reached **** piety under Makhleb
    37 | D        | Reached skill level 15 in Unarmed Combat
    39 | D        | Reached ***** piety under Makhleb
    39 | D        | Reached skill level 15 in Throwing
    39 | D        | Reached skill level 15 in Spellcasting
    39 | D        | Reached XP level 21. HP: 163/163 MP: 19/40
    39 | D        | Noticed a destroyer
    40 | D        | Reached skill level 15 in Dodging
    40 | D        | Noticed a destroyer
    41 | D        | Killed a destroyer
    42 | D        | Reached XP level 22. HP: 169/169 MP: 20/44
    45 | D        | Killed a destroyer
    45 | D        | Reached skill level 27 in Stealth
    45 | D        | Reached XP level 23. HP: 175/175 MP: 20/49
    46 | D        | Reached ****** piety under Makhleb
    47 | D        | Reached skill level 27 in Invocations
    47 | D        | Killed a destroyer
    47 | D        | Reached skill level 27 in Unarmed Combat
    47 | D        | Reached XP level 24. HP: 181/181 MP: 20/52
    50 | D        | Reached skill level 27 in Throwing
    51 | D        | Reached skill level 27 in Spellcasting
    52 | D        | Noticed an accursed
    53 | D        | Reached skill level 27 in Dodging
    53 | D        | Noticed a large bag of meat
    53 | D        | Noticed a destroyer
    55 | D        | Noticed an accursed
    55 | D        | Noticed a large bag of meat
    56 | D        | Reached XP level 25. HP: 187/187 MP: 22/54
    56 | D        | Noticed a tyrant
    57 | D        | Noticed a destroyer
    58 | D        | Noticed The Captor
    59 | D        | Killed The Captor
    59 | D        | Reached XP level 26. HP: 183/193 MP: 23/54
    59 | D        | Reached XP level 27. HP: 188/199 MP: 23/54
    60 | D        | Killed an accursed
    60 | D        | Killed a destroyer
    62 | D        | Killed a large bag of meat
    63 | D        | Killed a large bag of meat
    64 | D        | Noticed a meat beast
    64 | D        | Killed a tyrant
    65 | D        | Killed a large bag of meat
    65 | D        | Killed a destroyer
    66 | D        | Noticed a destroyer
    66 | D        | Noticed a meat beast
    66 | D        | Noticed a destroyer
    66 | D        | Noticed a dread
    67 | D        | Killed a dread
    68 | D        | Killed a meat beast
    68 | D        | Killed a destroyer
    69 | D        | Killed a meat beast
    69 | D        | Noticed a destroyer
    71 | D        | Noticed a dread
    71 | D        | Killed a destroyer
    71 | D        | Killed a dread
    71 | D        | Killed a destroyer
    72 | D        | Noticed a destroyer
    73 | D        | Noticed a destroyer
    73 | D        | Noticed a dread
    74 | D        | Killed a destroyer
    78 | D        | Killed a destroyer
    80 | D        | Killed a dread
    80 | D        | Noticed a destroyer
    83 | D        | Noticed a large bag of meat
    83 | D        | Noticed a dread
    83 | D        | Noticed a destroyer
    84 | D        | Killed a destroyer
    86 | D        | Noticed a meat beast
    87 | D        | Noticed a meat beast
    88 | D        | Noticed a destroyer
    89 | D        | Killed a meat beast
    90 | D        | Killed a destroyer
    90 | D        | Noticed a meat beast
    92 | D        | Killed a meat beast
    92 | D        | Noticed a destroyer
    93 | D        | Killed a meat beast
    94 | D        | Killed a large bag of meat
    95 | D        | Noticed a dread
    95 | D        | Noticed a meat beast
    95 | D        | Noticed a large bag of meat
    96 | D        | Killed a destroyer
    97 | D        | Noticed a meat beast
    97 | D        | Noticed The Servant
    98 | D        | Noticed a destroyer
    99 | D        | Killed a destroyer
   100 | D        | Killed a dread
   100 | D        | Noticed a destroyer
   101 | D        | Noticed an accursed
   102 | D        | Noticed a tyrant
   103 | D        | Killed a destroyer
   104 | D        | Killed a dread
   105 | D        | Noticed a dread
   105 | D        | Noticed a meat beast
   105 | D        | Noticed a destroyer
   107 | D        | Noticed an accursed
   109 | D        | Noticed a large bag of meat
   111 | D        | Killed a destroyer
   111 | D        | Noticed a large bag of meat
   111 | D        | Noticed a meat beast
   112 | D        | Killed a meat beast
   114 | D        | Noticed a destroyer
   115 | D        | Noticed an accursed
   115 | D        | Noticed an accursed
   116 | D        | Noticed a large bag of meat
   116 | D        | Noticed a dread
   117 | D        | Killed an accursed
   117 | D        | Killed a destroyer
   117 | D        | Noticed a destroyer
   119 | D        | Killed a large bag of meat
   119 | D        | Killed a dread
   120 | D        | Killed a meat beast
   120 | D        | Killed a meat beast
   120 | D        | Noticed a dread
   120 | D        | Noticed an accursed
   121 | D        | Killed a destroyer
   121 | D        | Killed a large bag of meat
   121 | D        | Noticed an accursed
   122 | D        | Killed an accursed
   124 | D        | Noticed an accursed
   124 | D        | Noticed a large bag of meat
   124 | D        | Noticed a tyrant
   124 | D        | HP: 7/199 [something (10)]
   124 | D        | Noticed an accursed
   124 | D        | Noticed an accursed
   124 | D        | Noticed a meat beast
   124 | D        | Killed from afar by an observer

Illustrated notes

Levels and vault maps discovered:
D:        meatsprint

Skill      XL: |  1  2  3  4  5  6  7  8  9 10 11 12 13 14 15 16 17 18 19 20 21 22 23 24 |
---------------+-------------------------------------------------------------------------+-----
Fighting       | 19 21 23 25 27 | 27.0
Axes           | 4 5 8 11 17 25 27 | 27.0
Maces & Flails | 9 10 11 13 14 19 25 27 | 27.0
Armour         | 19 21 23 25 27 | 27.0
Shields        | 19 21 23 25 27 | 27.0
Throwing       | 11 15 19 23 25 27 | 27.0
Dodging        | 10 14 17 21 24 27 | 27.0
Stealth        | 14 19 23 27 | 27.0
Unarmed Combat | 12 16 20 24 27 | 27.0
Spellcasting   | 11 15 18 22 25 27 | 27.0
Invocations    | 12 17 21 26 27 | 27.0

Action                   |  1- 3 |  4- 6 |  7- 9 | 10-12 | 13-15 | 16-18 | 19-21 | 22-24 | 25-27 || total
-------------------------+-------+-------+-------+-------+-------+-------+-------+-------+-------++-------
Melee: Executioner's axe |     1 |       |       |       |     3 |     3 |     7 |    13 |    53 ||    80
Invok: Greater Servant o |       |       |       |       |       |       |       |       |     5 ||     5
  Use: Potion            |     1 |       |       |       |       |     1 |       |       |       ||     2
       Scroll            |       |       |       |       |       |       |       |       |     1 ||     1
 Stab: Distracted        |       |       |       |       |       |       |       |       |     1 ||     1
Armor: Scale mail        |       |       |       |       |       |       |     1 |       |    18 ||    19
Dodge: Dodged            |       |       |       |       |       |       |       |       |     9 ||     9

Table legend:
 A = Non-vault XP
 B = Vault XP
 C = Vault XP percentage of total XP
 D = Non-vault monster count
 E = Vault monster count
 F = Vault count percentage of total count
                 A         B        C        D         E       F
            +---------+---------+-------+---------+---------+-------
      Total | 4270518 |  954965 |  18.3 |      98 |      50 |  33.8
            +---------+---------+-------+---------+---------+-------
          D | 4270518 |  954965 |  18.3 |      98 |      50 |  33.8
            +---------+---------+-------+---------+---------+-------
